cohdb
Replays
Latest Replays
All Replays
Popular Replays
Top Player Replays
Match Explorer
How It Works
Community
CoH3 Stats
Reddit
Sign in to upload your games and track your stats! →
Sign in with Steam
Match 45181926
Unlisted
Match 45181926
Overview
Messages
Build Orders
End
Scout Squad
Construct Weapon Support Center
Selects Advanced Infantry Battlegroup
M1919 Machine Gun Team
M1919 Machine Gun Team
Engineer Squad
Infantry Support Center
Construct Medical Station
Selects Convert to Ranger Squad
Construct Barracks
Ranger Squad
M3 Armored Personnel Carrier
M3 Armored Personnel Carrier
Selects Artillery Observers
Artillery Observer Squad
Ranger Squad
Advanced Logistics
Skeng.Tecnica.International
Rather Splendid Cromwell
Daniel
SpoSadiK
0
0
Comments
sign in to comment!
No comments posted yet!